[ AOE2 MATCH · #475564822 ]
UnrankedMalians vs Slavs
[ REPLAY ANALYSIS · EXTRACTED FROM THE RECORDED GAME ]
Feudal
13:53
Castle
21:22
Imperial
42:36
| APM avg | 21.9 |
| APM peak | 56 |
| eAPM avg | 15.4 |
| Villagers / military | 142 / 53 |
Focus
⚔️ 24.0% · 🌾 76.0%
Camel Scout ×53 · Fishing Ship ×32 · Unknown (2626) ×4
Feudal
15:23
Castle
20:15
Imperial
—
| APM avg | 30.0 |
| APM peak | 46 |
| eAPM avg | 14.0 |
| Villagers / military | 108 / 95 |
Focus
⚔️ 33.6% · 🌾 66.4%
Spearman ×32 · Fire Lancer ×32 · Fishing Ship ×19 · Mangonel ×12 · Monk ×11 · Knight ×5
Feudal
14:04
Castle
19:41
Imperial
37:56
| APM avg | 22.9 |
| APM peak | 41 |
| eAPM avg | 14.1 |
| Villagers / military | 143 / 78 |
Focus
⚔️ 22.4% · 🌾 77.6%
Boyar ×68 · Fishing Ship ×7 · Unknown (2626) ×6 · Spearman ×5 · Trebuchet (Packed) ×3 · Knight ×2
Feudal
13:16
Castle
17:15
Imperial
37:04
| APM avg | 29.1 |
| APM peak | 81 |
| eAPM avg | 15.7 |
| Villagers / military | 106 / 65 |
Focus
⚔️ 22.0% · 🌾 78.0%
Spearman ×36 · Conquistador ×22 · Fishing Ship ×13 · Trebuchet (Packed) ×3 · Galley ×2 · Demolition Raft ×2
Feudal
14:38
Castle
18:27
Imperial
36:36
| APM avg | 27.2 |
| APM peak | 57 |
| eAPM avg | 15.8 |
| Villagers / military | 111 / 102 |
Focus
⚔️ 36.4% · 🌾 63.6%
Knight ×53 · Scout Cavalry ×31 · Fishing Ship ×12 · Spearman ×9 · Unknown (2626) ×8 · Mangonel ×5
Feudal
14:16
Castle
20:36
Imperial
36:50
| APM avg | 17.2 |
| APM peak | 35 |
| eAPM avg | 11.5 |
| Villagers / military | 110 / 102 |
Focus
⚔️ 34.3% · 🌾 65.7%
Longbowman ×48 · Spearman ×21 · Galley ×17 · Skirmisher ×10 · Fishing Ship ×9 · Fire Galley ×3
Feudal
12:13
Castle
20:20
Imperial
40:27
| APM avg | 30.9 |
| APM peak | 59 |
| eAPM avg | 19.4 |
| Villagers / military | 105 / 45 |
Focus
⚔️ 27.3% · 🌾 72.7%
Skirmisher ×11 · Scout Cavalry ×10 · Fishing Ship ×8 · Demolition Raft ×7 · Mameluke ×6 · Galley ×5
Feudal
15:00
Castle
19:20
Imperial
36:42
| APM avg | 20.6 |
| APM peak | 40 |
| eAPM avg | 12.9 |
| Villagers / military | 131 / 95 |
Focus
⚔️ 27.9% · 🌾 72.1%
War Wagon ×91 · Fishing Ship ×8 · Fire Galley ×2 · Trebuchet (Packed) ×2 · Unknown (2626) ×1
Match map
Initial resources + every placement click. Lines = walls · curves = elevation contours. ◆ gold · ⬟ stone · ● berries · ✦ relic · ◌ wall gap
Your base· Open — 11t gap
messenger1's base· Open — 5t gap
ELGRANKUSKING's base· Open — unwalled flank
Para's base· Open — unwalled flank
Teufelchen's base· Open — 6t gap
Stench_of_Evil's base· Open — 4t gap
zzy846362's base· Open — 15t gap
老头's base· Open — 14t gap
Smoothed initial terrain · ◌ = detected wall gap · hover for details
Inputs per minute
— Idle - - messenger1
Build order — Idle
First 150 of 369 actions detected
| 0:48 | Build | Town Center |
| 1:17 | Build | House |
| 1:21 | Build | Dock |
| 3:11 | Create | Villager (Male) |
| 3:11 | Create | Villager (Male) |
| 3:12 | Create | Villager (Male) |
| 3:12 | Create | Villager (Male) |
| 3:12 | Create | Villager (Male) |
| 3:13 | Create | Villager (Male) |
| 4:17 | Build | House |
| 4:22 | Create | Villager (Male) |
| 4:23 | Create | Villager (Male) |
| 4:29 | Build | House |
| 5:31 | Create | Villager (Male) |
| 5:32 | Create | Villager (Male) |
| 6:03 | Create | Fishing Ship |
| 6:07 | Create | Villager (Male) |
| 6:07 | Create | Villager (Male) |
| 6:08 | Create | Villager (Male) |
| 7:00 | Create | Villager (Male) |
| 7:00 | Create | Villager (Male) |
| 7:00 | Create | Villager (Male) |
| 7:01 | Create | Villager (Male) |
| 7:34 | Build | House |
| 8:19 | Create | Fishing Ship |
| 8:23 | Create | Villager (Male) |
| 8:23 | Create | Villager (Male) |
| 8:24 | Create | Villager (Male) |
| 8:24 | Create | Villager (Male) |
| 8:53 | Create | Fishing Ship |
| 9:06 | Build | House |
| 9:08 | Create | Villager (Male) |
| 9:17 | Build | Palisade Wall |
| 9:18 | Build | Palisade Wall |
| 9:27 | Build | House |
| 10:06 | Build | House |
| 10:19 | Create | Villager (Male) |
| 10:22 | Create | Fishing Ship |
| 10:32 | Build | House |
| 10:50 | Create | Villager (Male) |
| 10:53 | Build | Lumber Camp |
| 11:11 | Research | Loom |
| 11:31 | Build | House |
| 11:35 | Build | House |
| 11:43 | Research | Feudal Age |
| 12:28 | Build | Barracks |
| 12:55 | Build | Dock |
| 13:27 | Create | Villager (Male) |
| 13:27 | Create | Villager (Male) |
| 13:39 | Build | Mining Camp |
| 13:53 | Age | Feudal Age |
| 13:59 | Create | Villager (Male) |
| 13:59 | Create | Villager (Male) |
| 14:06 | Build | Stable |
| 14:15 | Research | Double-Bit Axe |
| 14:33 | Create | Fishing Ship |
| 15:02 | Create | Villager (Male) |
| 15:14 | Build | Blacksmith |
| 15:29 | Build | Mining Camp |
| 15:36 | Create | Villager (Male) |
| 15:38 | Research | Tech 906 |
| 15:56 | Create | Fishing Ship |
| 16:07 | Create | Fishing Ship |
| 16:20 | Create | Villager (Male) |
| 16:21 | Create | Villager (Male) |
| 17:09 | Create | Villager (Male) |
| 17:39 | Create | Villager (Male) |
| 17:43 | Create | Fishing Ship |
| 17:43 | Create | Fishing Ship |
| 17:48 | Create | Fishing Ship |
| 17:48 | Create | Fishing Ship |
| 18:04 | Create | Villager (Male) |
| 18:09 | Build | House |
| 18:42 | Research | Castle Age |
| 19:10 | Create | Unit 2626 |
| 19:11 | Create | Unit 2626 |
| 19:14 | Create | Unit 2626 |
| 19:14 | Create | Unit 2626 |
| 19:24 | Create | Villager (Male) |
| 19:38 | Research | Stone Mining |
| 20:59 | Create | Villager (Male) |
| 21:22 | Age | Castle Age |
| 21:32 | Build | Castle |
| 21:42 | Build | House |
| 21:44 | Build | House |
| 21:48 | Build | House |
| 22:33 | Build | Castle |
| 22:37 | Create | Villager (Male) |
| 22:37 | Create | Villager (Male) |
| 22:37 | Create | Villager (Male) |
| 22:37 | Create | Villager (Male) |
| 22:38 | Create | Villager (Male) |
| 22:38 | Create | Villager (Male) |
| 22:38 | Create | Villager (Male) |
| 22:38 | Create | Villager (Male) |
| 23:01 | Research | Fletching |
| 23:32 | Research | Gillnets |
| 23:33 | Create | Fishing Ship |
| 23:33 | Create | Fishing Ship |
| 23:33 | Create | Fishing Ship |
| 23:34 | Create | Fishing Ship |
| 23:34 | Create | Fishing Ship |
| 23:40 | Create | Fishing Ship |
| 23:40 | Create | Fishing Ship |
| 23:40 | Create | Fishing Ship |
| 23:40 | Create | Fishing Ship |
| 23:41 | Create | Fishing Ship |
| 24:38 | Build | Town Center |
| 25:19 | Create | Villager (Male) |
| 25:19 | Create | Villager (Male) |
| 25:19 | Create | Villager (Male) |
| 25:20 | Create | Villager (Male) |
| 25:20 | Create | Villager (Male) |
| 25:20 | Create | Villager (Male) |
| 25:20 | Create | Villager (Male) |
| 25:21 | Create | Villager (Male) |
| 25:35 | Research | Bow Saw |
| 26:25 | Build | Dock |
| 27:16 | Build | Mining Camp |
| 27:25 | Research | Gold Mining |
| 27:36 | Research | Stone Shaft Mining |
| 28:22 | Build | Town Center |
| 28:33 | Create | Villager (Male) |
| 28:35 | Create | Villager (Male) |
| 29:06 | Create | Villager (Male) |
| 29:06 | Create | Villager (Male) |
| 29:06 | Create | Villager (Male) |
| 29:40 | Build | Town Center |
| 29:48 | Research | Wheelbarrow |
| 29:49 | Create | Villager (Male) |
| 29:49 | Create | Villager (Male) |
| 29:50 | Create | Villager (Male) |
| 29:50 | Create | Villager (Male) |
| 30:00 | Create | Villager (Male) |
| 30:00 | Create | Villager (Male) |
| 30:01 | Create | Villager (Male) |
| 30:01 | Create | Villager (Male) |
| 30:01 | Create | Villager (Male) |
| 30:02 | Create | Villager (Male) |
| 30:22 | Build | Stable |
| 30:23 | Build | Stable |
| 30:24 | Build | Stable |
| 30:25 | Build | Stable |
| 30:27 | Build | Stable |
| 30:29 | Create | Villager (Male) |
| 30:30 | Create | Villager (Male) |
| 30:31 | Create | Villager (Male) |
| 30:48 | Create | Villager (Male) |
| 30:48 | Create | Villager (Male) |
| 30:49 | Create | Villager (Male) |
Build order — messenger1
First 150 of 326 actions detected
| 0:09 | Build | Town Center |
| 1:05 | Build | Dock |
| 1:46 | Build | House |
| 2:28 | Create | Villager (Male) |
| 2:28 | Create | Villager (Male) |
| 2:28 | Create | Villager (Male) |
| 2:29 | Create | Villager (Male) |
| 3:44 | Create | Villager (Male) |
| 3:44 | Create | Villager (Male) |
| 4:07 | Create | Fishing Ship |
| 4:08 | Create | Fishing Ship |
| 4:26 | Research | Loom |
| 4:27 | Research | Loom |
| 4:41 | Create | Fishing Ship |
| 4:41 | Create | Fishing Ship |
| 5:03 | Build | House |
| 5:28 | Create | Villager (Male) |
| 5:28 | Create | Villager (Male) |
| 5:51 | Create | Fishing Ship |
| 5:52 | Create | Fishing Ship |
| 6:05 | Create | Villager (Male) |
| 6:06 | Create | Villager (Male) |
| 6:14 | Build | House |
| 6:24 | Build | House |
| 6:51 | Create | Villager (Male) |
| 6:51 | Create | Villager (Male) |
| 6:53 | Create | Fishing Ship |
| 6:53 | Create | Fishing Ship |
| 7:05 | Build | Palisade Wall |
| 7:08 | Build | Palisade Wall |
| 7:19 | Create | Villager (Male) |
| 7:19 | Create | Villager (Male) |
| 7:23 | Create | Fishing Ship |
| 7:23 | Create | Fishing Ship |
| 8:02 | Build | House |
| 8:05 | Create | Villager (Male) |
| 8:06 | Create | Villager (Male) |
| 8:08 | Create | Fishing Ship |
| 8:08 | Create | Fishing Ship |
| 8:26 | Create | Villager (Male) |
| 8:26 | Create | Villager (Male) |
| 8:38 | Create | Fishing Ship |
| 8:38 | Create | Fishing Ship |
| 8:56 | Create | Fishing Ship |
| 8:57 | Create | Fishing Ship |
| 9:05 | Create | Villager (Male) |
| 9:05 | Create | Villager (Male) |
| 9:12 | Build | House |
| 9:15 | Build | Palisade Wall |
| 9:17 | Build | Palisade Wall |
| 9:25 | Create | Villager (Male) |
| 9:26 | Create | Villager (Male) |
| 9:46 | Create | Villager (Male) |
| 9:47 | Create | Villager (Male) |
| 9:56 | Create | Villager (Male) |
| 9:57 | Create | Villager (Male) |
| 10:18 | Create | Villager (Male) |
| 10:18 | Create | Villager (Male) |
| 10:40 | Build | Dock |
| 10:49 | Create | Villager (Male) |
| 10:49 | Create | Villager (Male) |
| 10:53 | Build | House |
| 11:22 | Create | Fishing Ship |
| 11:45 | Create | Villager (Male) |
| 11:56 | Create | Fishing Ship |
| 11:57 | Create | Fishing Ship |
| 12:12 | Create | Villager (Male) |
| 12:38 | Build | Mining Camp |
| 12:44 | Build | House |
| 13:13 | Research | Feudal Age |
| 13:13 | Research | Feudal Age |
| 13:13 | Research | Feudal Age |
| 14:24 | Build | Mill |
| 15:23 | Age | Feudal Age |
| 15:26 | Build | Blacksmith |
| 15:29 | Build | Market |
| 15:57 | Build | Barracks |
| 16:08 | Build | Lumber Camp |
| 16:09 | Research | Castle Age |
| 16:10 | Research | Castle Age |
| 16:15 | Build | Palisade Wall |
| 16:59 | Research | Double-Bit Axe |
| 16:59 | Research | Double-Bit Axe |
| 17:00 | Research | Double-Bit Axe |
| 17:35 | Research | Castle Age |
| 17:35 | Research | Castle Age |
| 18:10 | Build | Dock |
| 18:43 | Build | Palisade Wall |
| 19:15 | Build | House |
| 20:15 | Age | Castle Age |
| 20:16 | Build | Siege Workshop |
| 20:22 | Build | Monastery |
| 20:25 | Create | Villager (Male) |
| 20:43 | Create | Mangonel |
| 20:43 | Create | Mangonel |
| 20:43 | Create | Mangonel |
| 20:47 | Create | Villager (Male) |
| 20:48 | Research | Wheelbarrow |
| 20:49 | Research | Wheelbarrow |
| 20:55 | Create | Monk |
| 21:06 | Create | Villager (Male) |
| 21:26 | Create | Monk |
| 21:26 | Create | Monk |
| 21:57 | Build | Outpost |
| 22:15 | Create | Villager (Male) |
| 22:16 | Create | Villager (Male) |
| 22:19 | Build | Barracks |
| 22:38 | Create | Monk |
| 22:38 | Create | Monk |
| 22:48 | Build | House |
| 23:20 | Build | Lumber Camp |
| 23:37 | Research | Hand Cart |
| 23:37 | Research | Hand Cart |
| 23:39 | Research | Bow Saw |
| 23:39 | Research | Bow Saw |
| 23:52 | Create | Villager (Male) |
| 23:52 | Create | Villager (Male) |
| 23:53 | Create | Villager (Male) |
| 23:53 | Create | Villager (Male) |
| 23:53 | Create | Villager (Male) |
| 24:09 | Create | Monk |
| 24:10 | Create | Monk |
| 24:20 | Build | Outpost |
| 24:37 | Build | Outpost |
| 24:42 | Create | Villager (Male) |
| 24:43 | Create | Villager (Male) |
| 24:48 | Build | Town Center |
| 25:09 | Build | House |
| 25:33 | Create | Villager (Male) |
| 25:33 | Create | Villager (Male) |
| 25:33 | Create | Villager (Male) |
| 25:34 | Create | Villager (Male) |
| 25:34 | Create | Villager (Male) |
| 25:49 | Create | Mangonel |
| 25:50 | Create | Mangonel |
| 26:00 | Create | Villager (Male) |
| 26:00 | Create | Villager (Male) |
| 26:00 | Create | Villager (Male) |
| 26:01 | Create | Villager (Male) |
| 26:20 | Create | Mangonel |
| 26:21 | Create | Mangonel |
| 27:40 | Build | House |
| 27:41 | Build | House |
| 27:41 | Build | House |
| 27:42 | Build | House |
| 28:20 | Build | Lumber Camp |
| 28:28 | Build | Siege Workshop |
| 28:35 | Build | Stable |
| 29:00 | Create | Villager (Male) |
| 29:00 | Create | Villager (Male) |
Build order — ELGRANKUSKING
First 150 of 341 actions detected
| 0:18 | Build | Town Center |
| 0:48 | Build | Dock |
| 0:51 | Build | House |
| 1:27 | Build | Palisade Wall |
| 2:41 | Create | Villager (Male) ×4 |
| 3:28 | Research | Loom |
| 3:30 | Create | Villager (Male) |
| 3:30 | Create | Villager (Male) |
| 3:30 | Create | Villager (Male) |
| 3:30 | Create | Villager (Male) |
| 4:01 | Create | Villager (Male) |
| 4:02 | Create | Villager (Male) |
| 4:05 | Create | Fishing Ship |
| 4:55 | Build | House |
| 5:29 | Create | Fishing Ship |
| 5:33 | Create | Villager (Male) |
| 5:33 | Create | Villager (Male) |
| 5:33 | Create | Villager (Male) |
| 6:00 | Create | Villager (Male) |
| 6:00 | Create | Villager (Male) |
| 6:02 | Create | Fishing Ship |
| 6:05 | Build | House |
| 6:39 | Create | Villager (Male) |
| 6:40 | Create | Villager (Male) |
| 7:14 | Create | Villager (Male) |
| 7:15 | Create | Fishing Ship |
| 7:19 | Build | House |
| 7:37 | Create | Villager (Male) |
| 7:37 | Create | Villager (Male) |
| 7:52 | Create | Villager (Male) |
| 7:53 | Create | Fishing Ship |
| 8:19 | Create | Villager (Male) |
| 8:25 | Create | Fishing Ship |
| 8:59 | Create | Villager (Male) |
| 9:13 | Create | Villager (Male) |
| 9:13 | Create | Villager (Male) |
| 9:18 | Build | House |
| 9:36 | Create | Fishing Ship |
| 10:06 | Create | Villager (Male) |
| 10:30 | Create | Villager (Male) |
| 10:42 | Create | Villager (Male) |
| 10:47 | Build | Lumber Camp |
| 11:15 | Create | Villager (Male) |
| 11:30 | Research | Feudal Age |
| 11:31 | Research | Feudal Age |
| 11:42 | Build | Dock |
| 12:14 | Build | House |
| 12:27 | Build | Mining Camp |
| 12:33 | Build | House |
| 13:08 | Build | Mill |
| 13:25 | Create | Villager (Male) |
| 13:25 | Create | Villager (Male) |
| 13:59 | Create | Villager (Male) |
| 14:04 | Age | Feudal Age |
| 14:07 | Create | Unit 2626 |
| 14:07 | Create | Unit 2626 |
| 14:11 | Research | Double-Bit Axe |
| 14:14 | Research | Town Watch |
| 14:31 | Build | House |
| 14:32 | Build | House |
| 14:38 | Build | Mining Camp |
| 14:44 | Create | Villager (Male) |
| 14:56 | Create | Unit 2626 |
| 14:57 | Create | Unit 2626 |
| 15:27 | Create | Villager (Male) |
| 15:33 | Build | Blacksmith |
| 16:12 | Build | Market |
| 16:20 | Build | Outpost |
| 16:27 | Create | Villager (Male) |
| 16:37 | Build | House |
| 16:42 | Build | Palisade Gate |
| 17:01 | Research | Castle Age |
| 17:01 | Research | Castle Age |
| 17:01 | Research | Castle Age |
| 17:28 | Build | Outpost |
| 17:53 | Research | Stone Mining |
| 18:00 | Research | Horse Collar |
| 18:10 | Create | Unit 2626 |
| 18:10 | Create | Unit 2626 |
| 18:58 | Research | Fletching |
| 19:41 | Age | Castle Age |
| 19:44 | Build | Town Center |
| 19:50 | Create | Villager (Male) |
| 19:50 | Create | Villager (Male) |
| 20:29 | Build | Dock |
| 21:19 | Build | Castle |
| 21:26 | Build | Castle |
| 21:32 | Create | Villager (Male) |
| 21:32 | Create | Villager (Male) |
| 22:13 | Create | Villager (Male) |
| 22:13 | Create | Villager (Male) |
| 22:27 | Create | Villager (Male) |
| 22:27 | Create | Villager (Male) |
| 22:56 | Create | Boyar |
| 22:56 | Create | Boyar |
| 22:59 | Build | House |
| 23:04 | Create | Villager (Male) |
| 23:10 | Create | Villager (Male) |
| 23:11 | Create | Villager (Male) |
| 23:14 | Create | Boyar |
| 23:18 | Research | Scale Barding Armor |
| 23:42 | Build | Farm |
| 23:45 | Build | Farm |
| 23:48 | Build | Farm |
| 23:49 | Build | Farm |
| 23:52 | Build | Farm |
| 23:53 | Build | Farm |
| 23:57 | Create | Villager (Male) |
| 23:58 | Create | Villager (Male) |
| 24:00 | Create | Villager (Male) |
| 24:00 | Create | Villager (Male) |
| 24:27 | Create | Villager (Male) |
| 24:27 | Create | Villager (Male) |
| 24:28 | Create | Villager (Male) |
| 24:41 | Build | Town Center |
| 24:51 | Create | Villager (Male) |
| 24:58 | Create | Villager (Male) |
| 25:00 | Build | Farm |
| 25:23 | Create | Villager (Male) |
| 25:23 | Create | Villager (Male) |
| 25:23 | Create | Villager (Male) |
| 25:23 | Create | Villager (Male) |
| 25:44 | Create | Villager (Male) |
| 25:47 | Build | Farm |
| 25:50 | Build | Farm |
| 25:53 | Build | Farm |
| 25:57 | Build | Farm |
| 26:14 | Create | Villager (Male) |
| 26:14 | Create | Villager (Male) |
| 26:15 | Create | Villager (Male) |
| 26:15 | Create | Villager (Male) |
| 26:24 | Build | Farm |
| 26:35 | Build | Lumber Camp |
| 26:37 | Create | Villager (Male) |
| 26:43 | Research | Wheelbarrow |
| 26:56 | Build | House |
| 26:57 | Build | House |
| 27:01 | Build | Outpost |
| 27:03 | Build | Outpost |
| 27:05 | Create | Villager (Male) |
| 27:05 | Create | Villager (Male) |
| 27:05 | Create | Villager (Male) |
| 27:05 | Create | Villager (Male) |
| 27:05 | Create | Villager (Male) |
| 27:13 | Build | Farm |
| 27:17 | Build | Farm |
| 27:22 | Build | Farm |
| 27:44 | Create | Villager (Male) |
| 27:44 | Create | Villager (Male) |
| 27:45 | Create | Villager (Male) |
Build order — Para
First 150 of 297 actions detected
| 0:04 | Build | Town Center |
| 1:07 | Build | House |
| 1:09 | Build | Dock |
| 2:24 | Create | Villager (Male) |
| 2:24 | Create | Villager (Male) |
| 2:25 | Create | Villager (Male) |
| 2:25 | Create | Villager (Male) |
| 2:25 | Create | Villager (Male) |
| 3:24 | Create | Fishing Ship |
| 4:02 | Create | Villager (Male) |
| 4:03 | Research | Loom |
| 4:49 | Build | House |
| 4:54 | Create | Villager (Male) |
| 5:12 | Create | Villager (Male) |
| 5:45 | Create | Villager (Male) |
| 5:46 | Create | Fishing Ship |
| 5:55 | Build | House |
| 6:10 | Create | Villager (Male) |
| 6:35 | Create | Villager (Male) |
| 6:44 | Create | Fishing Ship |
| 6:46 | Build | House |
| 6:55 | Create | Villager (Male) |
| 7:12 | Build | House |
| 7:33 | Create | Villager (Male) |
| 7:33 | Create | Villager (Male) |
| 7:35 | Create | Fishing Ship |
| 8:14 | Create | Fishing Ship |
| 8:15 | Create | Villager (Male) |
| 8:26 | Build | House |
| 8:53 | Create | Villager (Male) |
| 9:17 | Create | Villager (Male) |
| 9:30 | Build | Mill |
| 9:34 | Create | Fishing Ship |
| 9:45 | Create | Villager (Male) |
| 10:05 | Build | Mining Camp |
| 10:09 | Create | Villager (Male) |
| 10:24 | Create | Fishing Ship |
| 10:24 | Create | Fishing Ship |
| 10:25 | Create | Fishing Ship |
| 10:40 | Create | Villager (Male) |
| 10:57 | Create | Fishing Ship |
| 11:06 | Research | Feudal Age |
| 11:06 | Research | Feudal Age |
| 11:35 | Build | Lumber Camp |
| 12:23 | Build | House |
| 13:16 | Age | Feudal Age |
| 13:17 | Build | Market |
| 13:19 | Build | Blacksmith |
| 13:20 | Create | Villager (Male) |
| 13:20 | Create | Villager (Male) |
| 14:18 | Build | Mining Camp |
| 14:35 | Research | Castle Age |
| 14:36 | Research | Castle Age |
| 16:38 | Build | Dock |
| 17:04 | Create | Villager (Male) |
| 17:15 | Age | Castle Age |
| 17:24 | Build | Castle |
| 17:26 | Create | Villager (Male) |
| 17:54 | Create | Villager (Male) |
| 18:05 | Build | Mill |
| 18:32 | Create | Villager (Male) |
| 18:38 | Create | Conquistador |
| 18:38 | Create | Conquistador |
| 18:38 | Create | Conquistador |
| 19:01 | Create | Villager (Male) |
| 19:18 | Create | Fishing Ship |
| 19:25 | Create | Conquistador |
| 19:54 | Create | Villager (Male) |
| 20:06 | Create | Villager (Male) |
| 20:18 | Create | Fishing Ship |
| 20:26 | Create | Villager (Male) |
| 21:14 | Create | Villager (Male) |
| 21:32 | Create | Villager (Male) |
| 21:32 | Create | Villager (Male) |
| 21:55 | Create | Villager (Male) |
| 21:55 | Create | Villager (Male) |
| 21:58 | Build | Town Center |
| 22:19 | Create | Villager (Male) |
| 22:31 | Build | Town Center |
| 23:01 | Create | Villager (Male) |
| 23:03 | Create | Villager (Male) |
| 23:14 | Create | Villager (Male) |
| 23:19 | Create | Villager (Male) |
| 23:23 | Create | Villager (Male) |
| 23:25 | Create | Villager (Male) |
| 23:26 | Create | Villager (Male) |
| 23:30 | Build | Farm |
| 23:31 | Build | Farm |
| 23:33 | Research | Double-Bit Axe |
| 23:54 | Create | Villager (Male) |
| 24:22 | Build | Fish Trap |
| 24:23 | Build | House |
| 24:25 | Build | Fish Trap |
| 24:32 | Create | Villager (Male) |
| 24:36 | Create | Villager (Male) |
| 24:52 | Create | Villager (Male) |
| 24:52 | Create | Villager (Male) |
| 24:59 | Research | Horse Collar |
| 25:11 | Create | Villager (Male) |
| 25:25 | Build | Farm |
| 25:26 | Build | Farm |
| 25:27 | Build | Farm |
| 25:28 | Build | Farm |
| 25:32 | Create | Fishing Ship |
| 25:51 | Build | Dock |
| 25:54 | Create | Villager (Male) |
| 26:15 | Build | Dock |
| 26:17 | Create | Villager (Male) |
| 26:28 | Create | Villager (Male) |
| 26:28 | Create | Villager (Male) |
| 26:49 | Create | Villager (Male) |
| 26:57 | Create | Villager (Male) |
| 27:31 | Create | Villager (Male) |
| 27:37 | Create | Villager (Male) |
| 27:39 | Create | Villager (Male) |
| 27:48 | Create | Villager (Male) |
| 27:48 | Create | Villager (Male) |
| 27:50 | Build | Farm |
| 27:51 | Build | Farm |
| 27:51 | Build | Farm |
| 27:51 | Build | Farm |
| 27:52 | Build | Farm |
| 27:52 | Build | Farm |
| 27:52 | Build | Farm |
| 27:52 | Build | Farm |
| 27:52 | Build | Farm |
| 27:53 | Build | Farm |
| 28:06 | Create | Villager (Male) |
| 28:22 | Create | Villager (Male) |
| 28:39 | Create | Villager (Male) |
| 28:57 | Create | Villager (Male) |
| 29:04 | Create | Villager (Male) |
| 29:09 | Create | Villager (Male) |
| 29:11 | Create | Villager (Male) |
| 29:16 | Create | Villager (Male) |
| 29:22 | Create | Demolition Raft |
| 29:22 | Create | Demolition Raft |
| 29:28 | Build | House |
| 29:29 | Build | House |
| 29:29 | Build | House |
| 29:30 | Build | House |
| 29:34 | Research | Wheelbarrow |
| 29:42 | Research | Wheelbarrow |
| 29:49 | Create | Villager (Male) |
| 30:27 | Create | Villager (Male) |
| 30:29 | Create | Villager (Male) |
| 30:36 | Create | Villager (Male) |
| 30:37 | Create | Villager (Male) |
| 30:38 | Create | Villager (Male) |
| 30:40 | Build | House |
Build order — Teufelchen
First 150 of 331 actions detected
| 0:09 | Build | House |
| 0:15 | Build | Town Center |
| 0:47 | Build | Dock |
| 2:35 | Create | Villager (Male) ×5 |
| 2:36 | Create | Villager (Male) ×5 |
| 2:38 | Create | Fishing Ship |
| 3:25 | Create | Villager (Male) |
| 3:26 | Create | Villager (Male) |
| 3:58 | Build | House |
| 4:35 | Create | Villager (Male) |
| 5:02 | Build | House |
| 5:22 | Research | Loom |
| 5:22 | Research | Loom |
| 5:25 | Create | Villager (Male) |
| 5:26 | Create | Villager (Male) |
| 5:26 | Create | Villager (Male) |
| 5:59 | Create | Villager (Male) |
| 5:59 | Create | Villager (Male) |
| 6:00 | Create | Fishing Ship |
| 6:14 | Create | Villager (Male) |
| 6:14 | Create | Villager (Male) |
| 6:15 | Create | Villager (Male) |
| 6:15 | Create | Villager (Male) |
| 6:27 | Build | House |
| 6:39 | Create | Fishing Ship |
| 6:40 | Create | Villager (Male) |
| 7:16 | Create | Fishing Ship |
| 7:16 | Create | Fishing Ship |
| 7:17 | Create | Fishing Ship |
| 7:39 | Create | Villager (Male) |
| 7:39 | Create | Villager (Male) |
| 7:39 | Create | Villager (Male) |
| 7:40 | Create | Villager (Male) |
| 8:02 | Create | Fishing Ship |
| 8:32 | Build | House |
| 8:36 | Create | Fishing Ship |
| 8:43 | Create | Villager (Male) |
| 9:12 | Build | House |
| 9:13 | Create | Villager (Male) |
| 9:14 | Create | Fishing Ship |
| 9:45 | Create | Villager (Male) |
| 9:45 | Create | Villager (Male) |
| 10:16 | Build | Dock |
| 10:23 | Build | House |
| 10:30 | Create | Fishing Ship |
| 10:35 | Research | Loom |
| 11:11 | Create | Villager (Male) |
| 11:19 | Build | Barracks |
| 11:29 | Create | Villager (Male) |
| 11:40 | Build | Barracks |
| 11:55 | Build | Mill |
| 12:34 | Research | Feudal Age |
| 12:34 | Research | Feudal Age |
| 12:35 | Research | Feudal Age |
| 12:42 | Build | Lumber Camp |
| 13:04 | Create | Fishing Ship |
| 13:04 | Create | Fishing Ship |
| 13:44 | Create | Villager (Male) |
| 13:45 | Create | Villager (Male) |
| 14:38 | Age | Feudal Age |
| 14:48 | Build | Stable |
| 14:56 | Build | Market |
| 15:39 | Create | Villager (Male) |
| 15:50 | Research | Castle Age |
| 15:50 | Research | Castle Age |
| 15:55 | Research | Double-Bit Axe |
| 15:55 | Research | Double-Bit Axe |
| 16:16 | Build | Stable |
| 16:41 | Create | Unit 2626 |
| 16:41 | Create | Unit 2626 |
| 17:33 | Build | House |
| 17:48 | Create | Unit 2626 |
| 17:48 | Create | Unit 2626 |
| 18:03 | Create | Villager (Male) |
| 18:03 | Create | Villager (Male) |
| 18:27 | Age | Castle Age |
| 18:32 | Build | Town Center |
| 18:41 | Build | Blacksmith |
| 18:46 | Create | Villager (Male) |
| 18:46 | Create | Villager (Male) |
| 18:55 | Create | Knight |
| 18:55 | Create | Knight |
| 19:22 | Build | Siege Workshop |
| 19:29 | Create | Knight |
| 19:29 | Create | Knight |
| 19:43 | Create | Villager (Male) |
| 19:56 | Create | Villager (Male) |
| 19:56 | Create | Villager (Male) |
| 19:57 | Create | Mangonel |
| 20:08 | Create | Villager (Male) |
| 20:09 | Create | Villager (Male) |
| 20:24 | Research | Light Cavalry (upgrade) |
| 20:25 | Create | Scout Cavalry |
| 20:26 | Create | Scout Cavalry |
| 21:11 | Create | Villager (Male) |
| 21:11 | Create | Villager (Male) |
| 21:11 | Create | Villager (Male) |
| 21:36 | Create | Mangonel |
| 21:36 | Create | Mangonel |
| 21:42 | Create | Villager (Male) |
| 21:42 | Create | Villager (Male) |
| 22:19 | Create | Mangonel |
| 22:20 | Create | Villager (Male) |
| 22:21 | Create | Villager (Male) |
| 22:49 | Research | Wheelbarrow |
| 22:50 | Research | Wheelbarrow |
| 22:51 | Create | Villager (Male) |
| 22:51 | Create | Villager (Male) |
| 23:21 | Build | Castle |
| 23:25 | Create | Villager (Male) |
| 23:25 | Create | Villager (Male) |
| 23:28 | Create | Mangonel |
| 23:50 | Create | Villager (Male) |
| 23:50 | Create | Villager (Male) |
| 23:56 | Build | House |
| 23:57 | Build | House |
| 23:57 | Build | House |
| 23:57 | Build | House |
| 23:58 | Build | House |
| 23:58 | Build | House |
| 23:58 | Build | House |
| 24:34 | Research | War Galley (upgrade) |
| 24:35 | Create | Unit 2626 |
| 24:35 | Create | Unit 2626 |
| 24:49 | Build | Stable |
| 25:13 | Create | Villager (Male) |
| 25:13 | Create | Villager (Male) |
| 25:27 | Create | Unit 2626 |
| 25:28 | Create | Unit 2626 |
| 25:38 | Research | Forging |
| 25:38 | Research | Forging |
| 25:39 | Research | Forging |
| 25:54 | Create | Villager (Male) |
| 25:55 | Create | Villager (Male) |
| 25:55 | Create | Villager (Male) |
| 25:59 | Build | House |
| 26:33 | Build | Lumber Camp |
| 26:42 | Build | Farm |
| 26:44 | Build | Farm |
| 26:45 | Build | Farm |
| 26:47 | Build | Farm |
| 26:48 | Build | Farm |
| 26:50 | Build | Farm |
| 27:15 | Create | Villager (Male) |
| 27:15 | Create | Villager (Male) |
| 27:15 | Create | Villager (Male) |
| 27:26 | Build | Lumber Camp |
| 27:47 | Create | Villager (Male) |
| 27:47 | Create | Villager (Male) |
| 27:59 | Research | Horse Collar |
Build order — Stench_of_Evil
First 150 of 359 actions detected
| 0:13 | Build | Town Center |
| 0:29 | Build | House |
| 0:34 | Build | Dock |
| 2:42 | Create | Villager (Male) |
| 2:42 | Create | Villager (Male) |
| 2:42 | Create | Villager (Male) |
| 2:42 | Create | Villager (Male) |
| 2:43 | Create | Villager (Male) |
| 3:36 | Create | Villager (Male) |
| 3:49 | Build | House |
| 4:35 | Create | Fishing Ship |
| 4:46 | Research | Loom |
| 4:53 | Create | Fishing Ship |
| 5:28 | Create | Villager (Male) |
| 5:30 | Create | Fishing Ship |
| 5:49 | Build | House |
| 6:26 | Create | Villager (Male) |
| 6:29 | Create | Fishing Ship |
| 7:06 | Create | Villager (Male) |
| 7:10 | Create | Fishing Ship |
| 7:15 | Build | House |
| 7:30 | Create | Villager (Male) |
| 7:49 | Create | Villager (Male) |
| 8:01 | Create | Fishing Ship |
| 8:16 | Create | Villager (Male) |
| 8:39 | Build | House |
| 8:42 | Create | Villager (Male) |
| 8:49 | Create | Villager (Male) |
| 9:06 | Create | Villager (Male) |
| 9:11 | Create | Fishing Ship |
| 9:33 | Build | House |
| 9:58 | Create | Villager (Male) |
| 10:05 | Create | Fishing Ship |
| 10:15 | Build | House |
| 10:16 | Create | Villager (Male) |
| 10:33 | Create | Villager (Male) |
| 10:56 | Create | Villager (Male) |
| 11:32 | Build | House |
| 11:35 | Create | Villager (Male) |
| 11:37 | Build | Mining Camp |
| 12:03 | Create | Fishing Ship |
| 12:05 | Research | Feudal Age |
| 12:09 | Build | House |
| 12:21 | Build | Palisade Wall |
| 12:36 | Build | Palisade Wall |
| 13:01 | Build | House |
| 13:22 | Build | Barracks |
| 13:37 | Create | Villager (Male) |
| 13:37 | Create | Villager (Male) |
| 13:44 | Build | House |
| 14:16 | Age | Feudal Age |
| 14:25 | Build | Blacksmith |
| 14:29 | Create | Villager (Male) |
| 14:29 | Create | Villager (Male) |
| 15:35 | Build | Archery Range |
| 15:57 | Create | Villager (Male) |
| 16:30 | Build | Mill |
| 16:37 | Create | Villager (Male) |
| 16:42 | Create | Villager (Male) |
| 16:59 | Build | Market |
| 17:05 | Build | Palisade Gate |
| 17:16 | Create | Villager (Male) |
| 17:56 | Research | Castle Age |
| 18:11 | Build | House |
| 18:16 | Build | Palisade Wall |
| 18:46 | Build | Lumber Camp |
| 18:57 | Research | Horse Collar |
| 19:03 | Research | Stone Mining |
| 19:38 | Build | Farm |
| 19:39 | Build | Farm |
| 19:40 | Build | Farm |
| 19:41 | Build | Farm |
| 19:45 | Build | Farm |
| 20:07 | Build | Dock |
| 20:36 | Age | Castle Age |
| 20:43 | Research | Wheelbarrow |
| 20:47 | Research | Double-Bit Axe |
| 20:51 | Create | Villager (Male) |
| 20:53 | Build | Farm |
| 20:54 | Build | Farm |
| 20:56 | Create | Villager (Male) |
| 21:05 | Build | Town Center |
| 21:08 | Create | Villager (Male) |
| 21:23 | Create | Villager (Male) |
| 21:40 | Build | Castle |
| 21:43 | Create | Villager (Male) |
| 21:53 | Build | Dock |
| 22:08 | Create | Villager (Male) |
| 22:31 | Build | Town Center |
| 22:33 | Create | Villager (Male) |
| 22:37 | Build | Lumber Camp |
| 22:41 | Research | Bow Saw |
| 22:55 | Create | Villager (Male) |
| 23:29 | Create | Villager (Male) |
| 23:29 | Create | Villager (Male) |
| 23:34 | Build | Farm |
| 23:35 | Build | Farm |
| 23:37 | Create | Villager (Male) |
| 23:42 | Create | Villager (Male) |
| 23:47 | Build | Farm |
| 23:49 | Build | Farm |
| 23:51 | Create | Villager (Male) |
| 23:52 | Create | Villager (Male) |
| 24:01 | Create | Galley |
| 24:01 | Create | Galley |
| 24:10 | Build | Dock |
| 24:13 | Create | Villager (Male) |
| 24:18 | Research | Gold Mining |
| 24:20 | Create | Villager (Male) |
| 24:21 | Create | Villager (Male) |
| 24:32 | Create | Villager (Male) |
| 24:33 | Create | Villager (Male) |
| 24:36 | Create | Villager (Male) |
| 24:48 | Build | Farm |
| 24:51 | Build | Farm |
| 24:54 | Build | Farm |
| 24:58 | Build | Farm |
| 25:02 | Create | Villager (Male) |
| 25:03 | Create | Villager (Male) |
| 25:03 | Create | Villager (Male) |
| 25:03 | Create | Villager (Male) |
| 25:09 | Create | Galley |
| 25:13 | Create | Galley |
| 25:24 | Create | Villager (Male) |
| 25:25 | Create | Villager (Male) |
| 25:30 | Research | Fletching |
| 25:39 | Create | Fire Galley |
| 25:42 | Create | Galley |
| 25:45 | Create | Villager (Male) |
| 25:52 | Create | Villager (Male) |
| 25:55 | Create | Villager (Male) |
| 25:58 | Create | Villager (Male) |
| 26:08 | Create | Villager (Male) |
| 26:08 | Create | Villager (Male) |
| 26:12 | Create | Fire Galley |
| 26:13 | Create | Galley |
| 26:15 | Create | Galley |
| 26:33 | Research | War Galley (upgrade) |
| 26:39 | Create | Villager (Male) |
| 26:40 | Create | Villager (Male) |
| 26:41 | Create | Villager (Male) |
| 26:44 | Create | Villager (Male) |
| 26:53 | Create | Villager (Male) |
| 26:59 | Create | Villager (Male) |
| 27:05 | Research | Bodkin Arrow |
| 27:12 | Create | Galley |
| 27:16 | Create | Villager (Male) |
| 27:19 | Create | Villager (Male) |
| 27:25 | Build | Farm |
| 27:26 | Build | Farm |
Build order — zzy846362
First 150 of 309 actions detected
| 0:32 | Build | Town Center |
| 1:12 | Build | Dock |
| 1:15 | Build | House |
| 2:46 | Create | Villager (Male) |
| 2:47 | Create | Villager (Male) |
| 2:47 | Create | Villager (Male) |
| 2:47 | Create | Villager (Male) |
| 2:48 | Create | Villager (Male) |
| 4:13 | Create | Villager (Male) |
| 4:23 | Build | House |
| 4:51 | Create | Villager (Male) |
| 4:59 | Create | Fishing Ship |
| 5:19 | Create | Villager (Male) |
| 5:47 | Create | Villager (Male) |
| 5:48 | Create | Villager (Male) |
| 5:58 | Build | House |
| 6:04 | Create | Fishing Ship |
| 6:20 | Create | Villager (Male) |
| 6:20 | Create | Villager (Male) |
| 6:48 | Research | Loom |
| 6:49 | Create | Fishing Ship |
| 7:01 | Create | Villager (Male) |
| 7:13 | Create | Fishing Ship |
| 7:26 | Create | Villager (Male) |
| 7:47 | Create | Villager (Male) |
| 8:02 | Build | House |
| 8:23 | Create | Villager (Male) |
| 8:39 | Build | Lumber Camp |
| 8:42 | Create | Villager (Male) |
| 9:19 | Create | Villager (Male) |
| 10:03 | Research | Feudal Age |
| 10:10 | Build | Dock |
| 11:08 | Build | Outpost |
| 11:09 | Build | Palisade Wall |
| 11:17 | Create | Villager (Male) |
| 11:28 | Build | Outpost |
| 12:00 | Build | House |
| 12:07 | Build | Mill |
| 12:13 | Age | Feudal Age |
| 12:16 | Create | Galley |
| 12:16 | Create | Galley |
| 12:17 | Create | Galley |
| 12:22 | Research | Double-Bit Axe |
| 12:24 | Create | Villager (Male) |
| 13:00 | Create | Villager (Male) |
| 13:03 | Create | Galley |
| 13:32 | Build | Blacksmith |
| 13:38 | Create | Villager (Male) |
| 13:56 | Build | House |
| 13:57 | Build | House |
| 14:01 | Create | Villager (Male) |
| 14:04 | Research | Fletching |
| 14:19 | Create | Villager (Male) |
| 14:19 | Create | Villager (Male) |
| 14:50 | Create | Fishing Ship |
| 14:50 | Create | Fishing Ship |
| 14:56 | Create | Fishing Ship |
| 15:03 | Create | Villager (Male) |
| 15:24 | Create | Villager (Male) |
| 15:43 | Create | Villager (Male) |
| 15:48 | Build | Market |
| 15:57 | Build | House |
| 16:19 | Create | Villager (Male) |
| 16:22 | Build | Mining Camp |
| 16:29 | Create | Galley |
| 16:39 | Build | Farm |
| 17:02 | Create | Villager (Male) |
| 17:40 | Research | Castle Age |
| 17:49 | Build | Watch Tower |
| 17:58 | Build | Watch Tower |
| 18:04 | Build | Watch Tower |
| 18:06 | Create | Villager (Male) |
| 18:28 | Research | Horse Collar |
| 18:57 | Build | Farm |
| 18:57 | Build | Farm |
| 18:57 | Build | Farm |
| 18:58 | Build | Farm |
| 19:14 | Build | House |
| 19:14 | Build | House |
| 19:15 | Build | House |
| 19:20 | Create | Fishing Ship |
| 19:50 | Build | Outpost |
| 20:01 | Build | Barracks |
| 20:20 | Age | Castle Age |
| 20:21 | Build | Dock |
| 20:34 | Create | Villager (Male) |
| 20:42 | Build | Town Center |
| 20:47 | Create | Villager (Male) |
| 21:13 | Create | Villager (Male) |
| 21:13 | Create | Villager (Male) |
| 21:34 | Research | Town Watch |
| 22:00 | Create | Spearman |
| 22:00 | Create | Spearman |
| 22:04 | Research | Wheelbarrow |
| 22:13 | Build | Castle |
| 22:32 | Create | Villager (Male) |
| 22:32 | Create | Villager (Male) |
| 23:23 | Build | Siege Workshop |
| 23:37 | Create | Mameluke |
| 23:38 | Create | Mameluke |
| 24:09 | Create | Villager (Male) |
| 24:09 | Create | Villager (Male) |
| 24:09 | Create | Villager (Male) |
| 24:18 | Create | Mangonel |
| 24:52 | Build | Stable |
| 25:26 | Create | Villager (Male) |
| 25:26 | Create | Villager (Male) |
| 25:27 | Create | Villager (Male) |
| 25:27 | Create | Villager (Male) |
| 25:28 | Create | Villager (Male) |
| 25:28 | Create | Scout Cavalry |
| 25:29 | Create | Scout Cavalry |
| 25:29 | Create | Scout Cavalry |
| 25:36 | Build | Farm |
| 25:36 | Build | Farm |
| 25:37 | Build | Farm |
| 25:42 | Build | Farm |
| 25:42 | Build | Farm |
| 25:42 | Build | Farm |
| 25:43 | Build | Farm |
| 25:53 | Create | Villager (Male) |
| 26:21 | Create | Scout Cavalry |
| 26:58 | Research | Husbandry |
| 27:39 | Build | Town Center |
| 27:43 | Create | Villager (Male) |
| 27:44 | Create | Villager (Male) |
| 27:54 | Create | Scout Cavalry |
| 27:54 | Create | Scout Cavalry |
| 28:20 | Build | Stable |
| 28:44 | Create | Villager (Male) |
| 28:45 | Create | Villager (Male) |
| 29:02 | Create | Scout Cavalry |
| 29:02 | Create | Scout Cavalry |
| 29:30 | Build | Blacksmith |
| 29:34 | Build | Town Center |
| 29:53 | Create | Villager (Male) |
| 29:53 | Create | Villager (Male) |
| 30:24 | Create | Villager (Male) |
| 30:25 | Create | Villager (Male) |
| 30:33 | Create | Mangonel |
| 30:33 | Create | Mangonel |
| 30:38 | Build | Farm |
| 30:41 | Build | Farm |
| 30:42 | Build | Farm |
| 30:42 | Build | Farm |
| 30:59 | Build | Lumber Camp |
| 31:01 | Create | Villager (Male) |
| 31:02 | Create | Villager (Male) |
| 31:02 | Create | Villager (Male) |
| 31:02 | Create | Villager (Male) |
Build order — 老头
First 150 of 327 actions detected
| 0:37 | Build | House |
| 0:40 | Build | Dock |
| 0:59 | Build | Town Center |
| 2:59 | Create | Villager (Male) |
| 2:59 | Create | Villager (Male) |
| 2:59 | Create | Villager (Male) |
| 3:02 | Create | Villager (Male) |
| 4:00 | Create | Villager (Male) |
| 4:23 | Create | Fishing Ship |
| 4:51 | Research | Loom |
| 5:21 | Build | Mill |
| 5:41 | Create | Villager (Male) |
| 5:41 | Create | Villager (Male) |
| 5:56 | Create | Fishing Ship |
| 6:02 | Build | House |
| 6:28 | Create | Villager (Male) |
| 6:28 | Create | Villager (Male) |
| 6:28 | Create | Villager (Male) |
| 7:07 | Create | Villager (Male) |
| 7:07 | Create | Villager (Male) |
| 7:13 | Build | House |
| 7:37 | Create | Villager (Male) |
| 7:38 | Create | Villager (Male) |
| 7:38 | Create | Villager (Male) |
| 7:59 | Create | Villager (Male) |
| 8:18 | Build | House |
| 8:43 | Create | Villager (Male) |
| 8:54 | Create | Villager (Male) |
| 9:17 | Create | Villager (Male) |
| 9:17 | Create | Villager (Male) |
| 9:17 | Create | Villager (Male) |
| 9:56 | Create | Fishing Ship |
| 10:17 | Build | House |
| 11:04 | Create | Villager (Male) |
| 11:04 | Create | Villager (Male) |
| 11:34 | Build | Dock |
| 11:38 | Create | Fishing Ship |
| 12:00 | Create | Villager (Male) |
| 12:01 | Create | Villager (Male) |
| 12:33 | Research | Feudal Age |
| 12:50 | Create | Fishing Ship |
| 13:21 | Build | Mining Camp |
| 14:15 | Create | Villager (Male) |
| 14:15 | Create | Villager (Male) |
| 14:21 | Build | House |
| 14:53 | Create | Villager (Male) |
| 14:55 | Create | Fishing Ship |
| 15:00 | Age | Feudal Age |
| 15:05 | Build | Blacksmith |
| 15:12 | Create | Villager (Male) |
| 15:38 | Build | Market |
| 15:53 | Build | House |
| 16:38 | Research | Castle Age |
| 16:57 | Build | Lumber Camp |
| 17:12 | Create | Fishing Ship |
| 17:49 | Research | Double-Bit Axe |
| 18:34 | Create | Villager (Male) |
| 18:57 | Create | Fishing Ship |
| 19:20 | Age | Castle Age |
| 19:28 | Build | House |
| 19:38 | Build | Town Center |
| 19:44 | Research | Wheelbarrow |
| 19:57 | Research | Bow Saw |
| 20:04 | Create | Villager (Male) |
| 20:05 | Create | Villager (Male) |
| 20:29 | Create | Villager (Male) |
| 20:53 | Create | Villager (Male) |
| 21:01 | Build | Castle |
| 21:04 | Create | Villager (Male) |
| 21:08 | Create | Villager (Male) |
| 21:09 | Create | Villager (Male) |
| 21:30 | Create | Villager (Male) |
| 21:43 | Create | Villager (Male) |
| 21:59 | Create | Villager (Male) |
| 22:09 | Research | Horse Collar |
| 22:20 | Create | Villager (Male) |
| 22:23 | Create | Villager (Male) |
| 22:30 | Create | Villager (Male) |
| 22:42 | Build | Town Center |
| 22:51 | Create | War Wagon |
| 23:01 | Create | War Wagon |
| 23:08 | Create | Villager (Male) |
| 23:19 | Research | Hand Cart |
| 23:21 | Create | War Wagon |
| 23:36 | Create | War Wagon |
| 23:49 | Create | Villager (Male) |
| 23:50 | Create | War Wagon |
| 23:55 | Create | Villager (Male) |
| 24:12 | Create | Villager (Male) |
| 24:21 | Create | Villager (Male) |
| 24:23 | Create | Villager (Male) |
| 24:27 | Create | Villager (Male) |
| 24:28 | Create | Villager (Male) |
| 24:39 | Build | Farm |
| 24:42 | Create | Villager (Male) |
| 24:54 | Create | Fire Galley |
| 25:08 | Create | Villager (Male) |
| 25:20 | Create | Villager (Male) |
| 25:22 | Build | Farm |
| 25:24 | Create | Villager (Male) |
| 25:24 | Create | Villager (Male) |
| 25:25 | Create | Villager (Male) |
| 25:31 | Create | War Wagon |
| 25:50 | Build | Castle |
| 25:56 | Create | Villager (Male) |
| 26:00 | Build | Farm |
| 26:03 | Build | Farm |
| 26:04 | Create | Villager (Male) |
| 26:08 | Build | Farm |
| 26:10 | Build | Farm |
| 26:20 | Build | Farm |
| 26:40 | Build | Dock |
| 26:45 | Create | Unit 2626 |
| 26:58 | Create | War Wagon |
| 26:59 | Create | War Wagon |
| 27:02 | Create | Villager (Male) |
| 27:09 | Create | Villager (Male) |
| 27:10 | Build | Farm |
| 27:12 | Create | War Wagon |
| 27:19 | Build | Farm |
| 27:20 | Create | Villager (Male) |
| 27:41 | Create | Villager (Male) |
| 27:41 | Create | Villager (Male) |
| 27:42 | Create | Villager (Male) |
| 27:46 | Create | War Wagon |
| 27:46 | Create | War Wagon |
| 28:03 | Create | War Wagon |
| 28:04 | Create | War Wagon |
| 28:06 | Create | Villager (Male) |
| 28:06 | Create | Villager (Male) |
| 28:21 | Build | Castle |
| 28:25 | Create | Villager (Male) |
| 28:43 | Build | University |
| 28:51 | Create | Villager (Male) |
| 28:51 | Create | Villager (Male) |
| 28:55 | Research | Gold Mining |
| 28:56 | Create | Villager (Male) |
| 29:16 | Create | War Wagon |
| 29:17 | Create | War Wagon |
| 29:25 | Build | Farm |
| 29:26 | Build | Farm |
| 29:30 | Build | Lumber Camp |
| 29:47 | Build | Farm |
| 29:54 | Create | Villager (Male) |
| 29:57 | Build | Farm |
| 30:21 | Research | Ballistics |
| 30:32 | Create | War Wagon |
| 30:32 | Create | War Wagon |
| 30:44 | Create | Villager (Male) |
| 30:46 | Build | Farm |
Match timeline
| 0:34 | Stench_of_Evil · first_building Dock |
| 0:40 | 老头 · first_building Dock |
| 0:47 | Teufelchen · first_building Dock |
| 0:48 | ELGRANKUSKING · first_building Dock |
| 1:05 | messenger1 · first_building Dock |
| 1:09 | Para · first_building Dock |
| 1:12 | zzy846362 · first_building Dock |
| 1:21 | Idle · first_building Dock |
| 1:27 | ELGRANKUSKING · wall_segment Palisade Wall x1 |
| 7:05 | messenger1 · wall_segment Palisade Wall x8 |
| 7:08 | messenger1 · wall_segment Palisade Wall x1 |
| 9:15 | messenger1 · wall_segment Palisade Wall x3 |
| 9:17 | Idle · wall_segment Palisade Wall x1 |
| 9:17 | messenger1 · wall_segment Palisade Wall x3 |
| 9:18 | Idle · wall_segment Palisade Wall x1 |
| 11:09 | zzy846362 · wall_segment Palisade Wall x1 |
| 11:19 | Teufelchen · first_building Barracks |
| 12:13 | zzy846362 · age_up feudal |
| 12:21 | Stench_of_Evil · wall_segment Palisade Wall x1 |
| 12:28 | Idle · first_building Barracks |
| 12:36 | Stench_of_Evil · wall_segment Palisade Wall x1 |
| 13:16 | Para · age_up feudal |
| 13:22 | Stench_of_Evil · first_building Barracks |
| 13:53 | Idle · age_up feudal |
| 14:04 | ELGRANKUSKING · age_up feudal |
| 14:06 | Idle · first_building Stable |
| 14:16 | Stench_of_Evil · age_up feudal |
| 14:34 | Para · first_market_buy 100 food |
| 14:35 | Para · first_market_sell 100 wood |
| 14:38 | Teufelchen · age_up feudal |
| 14:48 | Teufelchen · first_building Stable |
| 15:00 | 老头 · age_up feudal |
| 15:23 | messenger1 · age_up feudal |
| 15:35 | Stench_of_Evil · first_building Archery Range |
| 15:57 | messenger1 · first_building Barracks |
| 16:15 | messenger1 · wall_segment Palisade Wall x1 |
| 17:15 | Para · age_up castle |
| 17:24 | Para · first_building Castle |
| 17:53 | Stench_of_Evil · first_market_sell 100 stone |
| 18:16 | Stench_of_Evil · wall_segment Palisade Wall x5 |
| 18:27 | Teufelchen · age_up castle |
| 18:43 | messenger1 · wall_segment Palisade Wall x1 |
| 19:20 | 老头 · age_up castle |
| 19:22 | Teufelchen · first_building Siege Workshop |
| 19:41 | ELGRANKUSKING · age_up castle |
| 20:01 | zzy846362 · first_building Barracks |
| 20:15 | messenger1 · age_up castle |
| 20:16 | messenger1 · first_building Siege Workshop |
| 20:20 | zzy846362 · age_up castle |
| 20:22 | messenger1 · first_building Monastery |
| 20:36 | Stench_of_Evil · age_up castle |
| 20:39 | messenger1 · first_market_buy 100 wood |
| 21:01 | 老头 · first_building Castle |
| 21:19 | ELGRANKUSKING · first_building Castle |
| 21:22 | Idle · age_up castle |
| 21:32 | Idle · first_building Castle |
| 21:40 | Stench_of_Evil · first_building Castle |
| 22:13 | zzy846362 · first_building Castle |
| 23:21 | Teufelchen · first_building Castle |
| 23:23 | zzy846362 · first_building Siege Workshop |
| 24:52 | zzy846362 · first_building Stable |
| 28:35 | messenger1 · first_building Stable |
| 29:31 | ELGRANKUSKING · first_building Barracks |
| 30:37 | 老头 · first_market_sell 100 wood |
| 30:41 | ELGRANKUSKING · first_building Stable |
| 33:38 | ELGRANKUSKING · first_building Siege Workshop |
| 34:40 | Para · first_building Barracks |
| 35:43 | Para · first_building Stable |
| 35:59 | messenger1 · wall_segment Stone Wall x9 |
| 36:27 | messenger1 · wall_segment Stone Wall x9 |
| 36:29 | messenger1 · wall_segment Stone Wall x1 |
| 36:31 | messenger1 · wall_segment Stone Wall x1 |
| 36:34 | messenger1 · wall_segment Stone Wall x1 |
| 36:36 | Teufelchen · age_up imperial |
| 36:42 | 老头 · age_up imperial |
| 36:50 | Stench_of_Evil · age_up imperial |
| 37:04 | Para · age_up imperial |
| 37:56 | ELGRANKUSKING · age_up imperial |
| 38:09 | Teufelchen · first_market_sell 100 food |
| 38:21 | Teufelchen · first_building Monastery |
| 38:44 | zzy846362 · first_building Archery Range |
| 38:58 | zzy846362 · wall_segment Stone Wall x12 |
| 40:10 | ELGRANKUSKING · first_market_sell 500 wood |
| 40:27 | zzy846362 · age_up imperial |
| 40:59 | messenger1 · wall_segment Stone Wall x1 |
| 41:01 | messenger1 · wall_segment Stone Wall x1 |
| 41:59 | zzy846362 · first_market_buy 100 stone |
| 42:36 | Idle · age_up imperial |
| 43:47 | Para · resign |
| 45:06 | 老头 · first_building Siege Workshop |
[ AI ANALYSIS · 1 CREDIT ]
What really happened in this match?
Wolo.gg analyzes every decision: build order, eco, micro, common mistakes by bracket. Personalized analysis on WhatsApp or Discord in 30 seconds.
Civ guide
Malians
Perfil
Idle